 Dungeon Crawl Stone Soup version 0.28-a0-773-g130ae17fe5 (webtiles) character file.

Game seed: 13886443032776264684

0 meatgazer the Skirmisher (level 1, -1/18 HPs)
             Began as a Demonspawn Abyssal Knight on Nov 1, 2021.
             Was a Follower of Lugonu.
             Slain by a thrashing horror (6 damage)
             ... on level 3 of the Abyss.
             The game lasted 00:00:14 (60 turns).

meatgazer the Skirmisher (Demonspawn Abyssal Knight)  Turns: 60, Time: 00:00:15

Health: -1/18      AC:  3    Str: 13    XL:     1   Next: 0%
Magic:  2/2        EV: 11    Int: 11    God:    Lugonu [*.....]
Gold:   11         SH:  0    Dex: 13    Spells: 0/0 levels left

rFire   . . .      SeeInvis .   a - +1 falchion
rCold   . . .      Faith    .   (no shield)
rNeg    . . .      Spirit   .   b - +0 leather armour
rPois   .          Reflect  .   (no helmet)
rElec   .          Harm     .   (no cloak)
rCorr   .          Rampage  .   (no gloves)
Will    .....                   (no boots)
Stlth   +.........              (no amulet)
HPRegen 0.06/turn               (no ring)
MPRegen 0.08/turn               (no ring)

@: no status effects
A: no striking features
a: Renounce Religion, Depart the Abyss


You were on level 3 of the Abyss.
You worshipped Lugonu.
Lugonu was aware of your devotion.
You visited 0 branches of the dungeon, and saw 0 of its levels.
You visited the Abyss 1 time.

You collected 11 gold pieces.

Inventory:

Hand Weapons
 a - a +1 falchion (weapon)
Armour
 b - a +0 leather armour (worn)
Scrolls
 c - a scroll of identify


   Skills:
 + Level 3.0 Fighting
 + Level 1.7 Long Blades
 + Level 1.7 Armour
 + Level 0.8 Dodging
 + Level 2.4 Invocations


You couldn't memorise any spells.
You didn't know any spells.
Your spell library was empty.

Dungeon Overview and Level Annotations

Branches:
Dungeon (0/15)

Altars:


Message History

Welcome, meatgazer the Demonspawn Abyssal Knight.
The fabled Orb of Zot lies far below, as if waiting for you to find it.
Lugonu says: Depart the Abyss and spread corruption, my servant! (use the ability menu to exit the Abyss) Press ? for a list of commands and other information.
Found a corrupted altar of Lugonu.
Found a gateway leading deeper into the Abyss.
There is a gateway leading deeper into the Abyss here.
You plunge deeper into the Abyss.
Found a gateway leading out of the Abyss.
Found a gateway leading deeper into the Abyss.
c - a scroll labelled SUIGGE VAINUTI
There is a gateway leading deeper into the Abyss here.
You plunge deeper into the Abyss.
The abyssal rune of Zot can be found at this depth.
Found 11 gold pieces.
You now have 11 gold pieces.
c - 2 scrolls labelled SUIGGE VAINUTI (gained 1)
A tentacled starspawn and 2 thrashing horrors come into view.
The thrashing horror roars! x2
Tentacles burst from the starspawn's body! 2 starspawn tentacles come into view.
The thrashing horror tramples you!
You stumble backwards!
As you read the scroll labelled SUIGGE VAINUTI, it crumbles to dust.
It is a scroll of identify.
You don't have any unidentified items.
The thrashing horror roars!
The thrashing horror tramples you.
You hold your ground!
The thrashing horror barely misses you. The starspawn tentacle grabs you.
The starspawn tentacle constricts you.
* * * LOW HITPOINT WARNING * * *
You escape the starspawn tentacle's grasp.
The thrashing horror tramples you.
You die...

#. #. ..##. .#
#..#.# . #....##. ##
.# #..#.#.##.# ..X
#..#..#..#
..##...X@..## .
#..#...#...# #.
##X#w..##.## .# #..
#/X.│....... .. #
#.#.#/.#│.#.....#...
.
#..<###│#....##...#.
. ..
#.#.\#/###....#.##..
. . #..V.. ##.....#
. #. .
#.###.#....#.#.# ..
..


You could see a tentacled starspawn, 2 thrashing horrors and a starspawn
tentacle.

Vanquished Creatures (others)
  A starspawn tentacle (Abyss:3)
1 creature vanquished.

Notes
Turn   | Place    | Note
-------+----------+-------------------------------------------
     0 | Abyss:1  | meatgazer the Demonspawn Abyssal Knight began the quest for
                  | the Orb.
     0 | Abyss:1  | Reached XP level 1. HP: 18/18 MP: 2/2
    57 | Abyss:3  | Noticed a tentacled starspawn
    57 | Abyss:3  | Noticed a thrashing horror
    57 | Abyss:3  | Noticed a thrashing horror
    60 | Abyss:3  | Slain by a thrashing horror

Illustrated notes

Levels and vault maps discovered:
Abyss:3:  base:
Temple

Action                   || total
-------------------------++-------
  Use: Scroll            ||     1
Dodge: Dodged            ||     1

Table legend: (Time is in decaauts)
 A = Elapsed time spent in this place.
 B = Non-inter-level travel time spent in this place.
 C = Inter-level travel time spent in this place.
 D = Time resting spent in this place.
 E = Time spent auto-exploring this place.
 F = Levels seen in this place.
 G = Mean time per level.
                   A        B        C        D        E       F      G
               +--------+--------+--------+--------+--------+-----+--------+
         Total |     59 |     59 |      0 |      0 |     38 |   3 |   19.7 |
         Abyss |     59 |     59 |      0 |      0 |     38 |   3 |   19.7 |
               +--------+--------+--------+--------+--------+-----+--------+

Top non-repeatable levels by time:
 Abyss:3: 31 daAuts
 Abyss:2: 19 daAuts
 Abyss:1: 8 daAuts
